 Dungeon Crawl Stone Soup version 0.19-a0-1021-g80cc50c (webtiles) character file.

163 ololoev the Chopper (level 5, -1/45 HPs)
             Began as a Hill Orc Fighter on July 27, 2016.
             Slain by Duvessa
             ... wielding a +0 rapier
              (7 damage)
             ... on level 4 of the Dungeon.
             The game lasted 00:01:17 (205 turns).

ololoev the Chopper (Hill Orc Fighter)               Turns: 205, Time: 00:01:17

Health: -1/45      AC:  8    Str: 24 (25) XL:     5   Next: 44%
Magic:  5/5        EV:  9    Int:  8      God:
Gold:   33         SH:  0    Dex: 10      Spells: 0 memorised, 4 levels left

rFire  . . .     SeeInvis .     a - +0 war axe
rCold  . . .     Gourm    .     b - +0 scale mail
rNeg   . . .     Faith    .     (no shield)
rPois  .         Spirit   .     g - +0 helmet
rElec  .         Dismiss  .     (no cloak)
rCorr  .         Reflect  .     (no gloves)
SustAt .         Harm     .     (no boots)
MR     .....                    (no amulet)
Stlth  ..........               (no ring)
                                (no ring)

@: mighty, not resistant to hostile enchantments, extremely unstealthy
A: no striking features
a: no special abilities

Inventory:

Hand Weapons
 a - a +0 war axe (weapon)
Armour
 b - a +0 scale mail (worn)
 g - a +0 helmet (worn)
Scrolls
 c - a scroll of fear {unknown}
 e - a scroll of recharging {unknown}
 h - a scroll of remove curse {unknown}
Potions
 d - 2 potions of magic {unknown}
Comestibles
 f - a bread ration


   Skills:
 - Level 3.6 Fighting
 * Level 6.0 Axes
 + Level 4.6 Armour
   Level 3.2 Shields


You had 4 spell levels left.
You didn't know any spells.


You were on level 4 of the Dungeon.
You were not hungry.

You visited 1 branch of the dungeon, and saw 4 of its levels.

You collected 33 gold pieces.

......# .####..# ##...
## #.... ##.... ....
##..... ..# .##.....#
###...# ........#
#####......#
........###....).....#
..>...........@e......
..............$.......
.........#...........#
....................##
########.........####
#.......### #......##
#......# #.....##

Notes
Turn   | Place    | Note
-------+----------+-------------------------------------------
     0 | D:1      | ololoev the Hill Orc Fighter began the quest for the Orb.
     0 | D:1      | Reached XP level 1. HP: 19/19 MP: 1/1
   102 | D:2      | Reached skill level 3 in Axes
   147 | D:3      | Reached XP level 2. HP: 26/26 MP: 2/2
   150 | D:3      | Found an opulent altar of Gozag.
   165 | D:4      | Noticed an ogre
   174 | D:4      | Killed an ogre
   174 | D:4      | Reached skill level 5 in Axes
   174 | D:4      | Reached XP level 3. HP: 21/31 MP: 3/3
   174 | D:4      | Reached XP level 4. HP: 26/39 MP: 4/4
   193 | D:4      | Reached XP level 5. HP: 33/45 MP: 5/5
   195 | D:4      | Noticed Dowan
   197 | D:4      | Noticed Duvessa
   203 | D:4      | Killed Dowan
   203 | D:4      | Reached skill level 6 in Axes
   205 | D:4      | Slain by Duvessa

Dungeon Overview and Level Annotations

Branches:
Dungeon (4/15)
 Temple: D:4-7

Altars:
Gozag

Annotations:
D:4 Duvessa


Message History

h - a scroll labeled CAXTUIPROM It was a potion of degeneration.
There was something very wrong with that liquid.
You feel weakened.
You feel dopey.
You feel clumsy.
You feel very mighty all of a sudden.
You slash the ogre!
The ogre is moderately wounded.
The ogre completely misses you.
Unknown command.
You slash the ogre!
The ogre is almost dead.
The ogre hits you with a giant spiked club!
Unknown command.
You closely miss the ogre.
The ogre is almost dead.
The ogre closely misses you.
Unknown command.
You slice the ogre!!
You kill the ogre!
Your Axes skill gained 2 levels and is now at level 5!
Your Armour skill increases to level 4!
You have reached level 3!
Your experience leads to an increase in your attributes!
Your base attributes are Str 18, Int 8, Dex 10.
Increase (S)trength, (I)ntelligence, or (D)exterity?
You feel stronger.
You have reached level 4!
You feel your intelligence returning.
You feel your dexterity returning.
There is a stone staircase leading up here.
Found a scroll labeled VODAXI BARGHOMOPA.
d - 2 glowing blue potions You found a teleport trap!
e - a scroll labeled VODAXI BARGHOMOPA Really walk into that teleport trap?
You enter a teleport trap!
The teleport trap disappears.
Your surroundings suddenly seem different.
A giant frog skeleton comes into view.
Found 9 gold pieces.
Found a stone staircase leading down.
The giant frog skeleton hits you but does no damage.
Found 16 sling bullets.
You barely miss the giant frog skeleton.
The giant frog skeleton hits you but does no damage. x2
You slice the giant frog skeleton!!
The giant frog skeleton hits you but does no damage.
You slash the giant frog skeleton!
You destroy the giant frog skeleton!
You have reached level 5!
You feel stronger.
You feel your dexterity returning.
Found a hand axe.
Dowan, Brother of Duvessa comes into view.
He is wielding a dagger.
Dowan points at you and mumbles some strange words.
The puff of frost hits you!
Duvessa, Sister of Dowan comes into view.
She is wielding a rapier.
Duvessa shouts!
Dowan casts a spell at you. You resist with some effort.
Dowan casts a spell at you. The puff of flame hits you!
You slash Dowan!
Dowan is heavily wounded.
Duvessa says, "My weaknesses are his strengths!"
Unknown command.
You closely miss Duvessa.
Unknown command.
You completely miss Duvessa. You hit Dowan. Duvessa hits you with a rapier.
Dowan barely misses you.
Unknown command.
You closely miss Duvessa. You hit Dowan.
You kill Dowan!
Duvessa screams in rage.
Duvessa goes berserk!
Your Axes skill increases to level 6!
You feel your strength returning. Duvessa closely misses you.
Duvessa hits you with a rapier!
You closely miss Duvessa. Duvessa barely misses you.
Duvessa closely misses you.
Unknown command.
You closely miss Duvessa. Duvessa hits you with a rapier! x2
You die...

You could see Duvessa (berserk).

Vanquished Creatures
  An ogre (D:4)
  Dowan (D:4)
  A giant frog skeleton (D:4)
  A giant gecko (D:3)
  A giant cockroach (D:2)
  2 goblins
  2 kobolds (D:2)
9 creatures vanquished.

Action                   |  1- 3 |  4- 6 || total
-------------------------+-------+-------++-------
Melee: War axe           |    30 |     9 ||    39
  Use: Potion            |     2 |       ||     2
Armor: Scale mail        |    13 |     4 ||    17
Dodge: Dodged            |    13 |     4 ||    17

Vault maps used:
D:1:      saegor_arrival_simple_c
D:2:      serial_park_tiny_1, uniq_jessica
D:3:      nicolae_overflow_hidden_temple, nicolae_overflow_crystal_walls,
          first_bread, minmay_misc_feat_x
D:4:      serial_glass, glass_columns_a, glass_columns_b,
          grunt_decor_one_mirror, uniq_duvessa, uniq_menkaure
